| TOP OF THE 1ST |
|
El Paso Chihuahuas batting - Pitching for Colorado Springs Sky Sox : RHP Curtis Gumbs
|
|
Pitching: RHP Curtis Gumbs
|
|
|
Batting: LHB Chris Moody
|
0-0: Ball 1-0: Foul Ball, location: 2F 1-1: SINGLE (Groundball, 34D, EV 94.4 MPH)
|
|
Batting: RHB Steve Martin
|
0-0: Called Strike 0-1: Called Strike 0-2: Ball 1-2: Ball 2-2: Grounds into double play, 4-6-3 (Groundball, 4, EV 88.8 MPH)
|
|
Batting: RHB Antonio Medina
|
0-0: Ball 1-0: Fly out, F7 (Flyball, 7LM, EV 98.1 MPH)
|
| Top of the 1st over - 0 runs, 1 hit, 0 errors, 0 left on base; El Paso 0 - Colorado Springs 0 |
| BOTTOM OF THE 1ST |
|
Colorado Springs Sky Sox batting - Pitching for El Paso Chihuahuas : RHP Jim Canady
|
|
Pitching: RHP Jim Canady
|
|
|
Batting: LHB Tony Ponce
|
0-0: Ball 1-0: Bunt for hit to 13 - play at first, batter OUT! 1-3
|
|
Batting: RHB Bodil Hardenberg
|
0-0: Called Strike 0-1: Foul Ball, location: 2F 0-2: Ball 1-2: Ball 2-2: Foul Ball, location: 2F 2-2: Ball 3-2: Foul Ball, location: 2F 3-2: Ground out 6-3 (Groundball, 6, EV 98.1 MPH)
|
|
Batting: LHB Matt Steinke
|
0-0: Called Strike 0-1: Reached on error, E3 (Groundball, 34, EV 76.9 MPH)
|
|
Batting: RHB Devine Adams
|
0-0: Ball 1-0: Ball 2-0: Fly out, F7 (Flyball, 78D, EV 88.8 MPH)
|
| Bottom of the 1st over - 0 runs, 0 hits, 1 error, 1 left on base; El Paso 0 - Colorado Springs 0 |
| TOP OF THE 2ND |
|
El Paso Chihuahuas batting - Pitching for Colorado Springs Sky Sox : RHP Curtis Gumbs
|
|
Batting: RHB Kiril Emeshin
|
0-0: Called Strike 0-1: Ball 1-1: Ground out 6-3 (Groundball, 56, EV 80.6 MPH)
|
|
Batting: SHB Jamie Roberts
|
0-0: Ball 1-0: Fly out, F8 (Flyball, 8RS, EV 75.0 MPH)
|
|
Batting: RHB Juan Martinez
|
0-0: Ball 1-0: Swinging Strike 1-1: Swinging Strike 1-2: Ball 2-2: Strikes out swinging
|
| Top of the 2nd over - 0 runs, 0 hits, 0 errors, 0 left on base; El Paso 0 - Colorado Springs 0 |
| BOTTOM OF THE 2ND |
|
Colorado Springs Sky Sox batting - Pitching for El Paso Chihuahuas : RHP Jim Canady
|
|
Batting: RHB George Lundy
|
0-0: Called Strike 0-1: Ball 1-1: Ball 2-1: Ground out 5-3 (Groundball, 56S, EV 87.5 MPH)
|
|
Batting: RHB Fu-Kang Duan
|
0-0: Ball 1-0: Ball 2-0: Swinging Strike 2-1: Ball 3-1: Fly out, F8 (Flyball, 78S, EV 93.1 MPH)
|
|
Batting: RHB Dwane Reed
|
0-0: Ball 1-0: Ball 2-0: Foul Ball, location: 2F 2-1: Foul Ball, location: 2F 2-2: Foul Ball, location: 2F 2-2: Foul Ball, location: 2F 2-2: Ball 3-2: Fly out, F7 (Line Drive, 7, EV 105.0 MPH)
|
| Bottom of the 2nd over - 0 runs, 0 hits, 0 errors, 0 left on base; El Paso 0 - Colorado Springs 0 |
| TOP OF THE 3RD |
|
El Paso Chihuahuas batting - Pitching for Colorado Springs Sky Sox : RHP Curtis Gumbs
|
|
Batting: LHB Doug Barr
|
0-0: Foul Ball, location: 2F 0-1: Ball 1-1: Swinging Strike 1-2: Ball 2-2: Ball 3-2: DOUBLE (Groundball, 5L, EV 109.4 MPH)
|
|
Batting: RHB Dan Grable
|
0-0: Called Strike 0-1: Fly out, F4 (Line Drive, 4M, EV 66.2 MPH) Lined into DP, U4 (Line Drive, 4M, EV 67.5 MPH)
|
|
Batting: LHB Josh Slusarczyk
|
0-0: Called Strike 0-1: Ball 1-1: Ball 2-1: Swinging Strike 2-2: Strikes out swinging
|
| Top of the 3rd over - 0 runs, 1 hit, 0 errors, 0 left on base; El Paso 0 - Colorado Springs 0 |
| BOTTOM OF THE 3RD |
|
Colorado Springs Sky Sox batting - Pitching for El Paso Chihuahuas : RHP Jim Canady
|
|
Batting: RHB Craig Gomez
|
0-0: Swinging Strike 0-1: Foul Ball, location: 2F 0-2: Ground out 6-3 (Groundball, 6, EV 85.0 MPH)
|
|
Batting: RHB Ethan McCullough
|
0-0: Called Strike 0-1: Swinging Strike 0-2: Ball 1-2: Foul Ball, location: 2F 1-2: Fly out, F4 (Popup, 4, EV 47.5 MPH)
|
|
Batting: LHB Tony Ponce
|
0-0: SOLO HOME RUN (Flyball, 89XD, EV 100.0 MPH), Distance : 409 ft
|
|
Batting: RHB Bodil Hardenberg
|
0-0: Ball 1-0: Ball 2-0: Ball 3-0: Fly out, F9 (Flyball, 9, EV 86.9 MPH)
|
| Bottom of the 3rd over - 1 run, 1 hit, 0 errors, 0 left on base; El Paso 0 - Colorado Springs 1 |
| TOP OF THE 4TH |
|
El Paso Chihuahuas batting - Pitching for Colorado Springs Sky Sox : RHP Curtis Gumbs
|
|
Batting: LHB Chris Moody
|
0-0: Called Strike 0-1: Fly out, F9 (Line Drive, 89D, EV 98.8 MPH)
|
|
Batting: RHB Steve Martin
|
0-0: Foul Ball, location: 2F 0-1: Ball 1-1: Ball 2-1: Foul Ball, location: 2F 2-2: Hit by Pitch
|
|
Batting: RHB Antonio Medina
|
0-0: Called Strike 0-1: Ball Steve Martin is caught stealing 2nd base 2-4 1-1: Fly out, F8 (Flyball, 89XD, EV 77.5 MPH)
|
| Top of the 4th over - 0 runs, 0 hits, 0 errors, 0 left on base; El Paso 0 - Colorado Springs 1 |
| BOTTOM OF THE 4TH |
|
Colorado Springs Sky Sox batting - Pitching for El Paso Chihuahuas : RHP Jim Canady
|
|
Batting: LHB Matt Steinke
|
0-0: Ball 1-0: TRIPLE (Flyball, 89XD, EV 103.1 MPH)
|
|
Pinch Runner at 3rd Orlando Fernandez:
|
|
|
Batting: RHB Devine Adams
|
0-0: Ball 1-0: Ball 2-0: Swinging Strike 2-1: Called Strike 2-2: Foul Ball, location: 2F 2-2: DOUBLE (Flyball, 8RXD, EV 103.8 MPH) Orlando Fernandez scores
|
|
Batting: RHB George Lundy
|
0-0: Called Strike 0-1: Ground out 6-3 (Groundball, 6, EV 89.4 MPH) Devine Adams to third
|
|
Batting: RHB Fu-Kang Duan
|
0-0: Ball 1-0: Foul Ball, location: 2F 1-1: Called Strike 1-2: Ball 2-2: Ball 3-2: Foul Ball, location: 2F 3-2: Foul Ball, location: 2F 3-2: Foul Ball, location: 2F 3-2: DOUBLE (Line Drive, 78M, EV 99.4 MPH) Devine Adams scores
|
|
Batting: RHB Dwane Reed
|
0-0: Foul Ball, location: 2F 0-1: Ball 1-1: Foul Ball, location: 2F 1-2: Foul Ball, location: 2F 1-2: Ball 2-2: Ground out 5-3 (Groundball, 56, EV 79.4 MPH)
|
|
Batting: RHB Craig Gomez
|
0-0: Ball 1-0: Ground out 5-3 (Groundball, 5, EV 100.6 MPH)
|
| Bottom of the 4th over - 2 runs, 3 hits, 0 errors, 1 left on base; El Paso 0 - Colorado Springs 3 |
| TOP OF THE 5TH |
|
El Paso Chihuahuas batting - Pitching for Colorado Springs Sky Sox : RHP Curtis Gumbs
|
|
Batting: RHB Kiril Emeshin
|
0-0: Called Strike 0-1: Foul Ball, location: 2F 0-2: Foul Ball, location: 2F 0-2: Foul Ball, location: 2F 0-2: Ball 1-2: Ground out 6-3 (Groundball, 6, EV 78.8 MPH)
|
|
Batting: SHB Jamie Roberts
|
0-0: Ball 1-0: Swinging Strike 1-1: Foul Ball, location: 2F 1-2: Foul Ball, location: 2F 1-2: Strikes out swinging
|
|
Batting: RHB Juan Martinez
|
0-0: Called Strike 0-1: SINGLE (Flyball, 8RS, EV 91.2 MPH)
|
|
Batting: LHB Doug Barr
|
0-0: Foul Ball, location: 2F 0-1: Ball 1-1: Foul Ball, location: 2F 1-2: Foul Ball, location: 2F 1-2: Foul Ball, location: 2F 1-2: Foul Ball, location: 2F 1-2: Ball 2-2: Strikes out swinging
|
| Top of the 5th over - 0 runs, 1 hit, 0 errors, 1 left on base; El Paso 0 - Colorado Springs 3 |
| BOTTOM OF THE 5TH |
|
Colorado Springs Sky Sox batting - Pitching for El Paso Chihuahuas : RHP Jim Canady
|
|
Batting: RHB Ethan McCullough
|
0-0: Called Strike 0-1: Ball 1-1: Ball 2-1: Swinging Strike 2-2: Foul Ball, location: 2F 2-2: Ball 3-2: Foul Ball, location: 2F 3-2: Foul Ball, location: 2F 3-2: Base on Balls
|
|
Batting: LHB Tony Ponce
|
0-0: Called Strike 0-1: Ball 1-1: Ball 2-1: Ball 3-1: Called Strike 3-2: Strikes out swinging
|
|
Batting: RHB Bodil Hardenberg
|
0-0: Called Strike 0-1: Grounds into double play, 5-4-3 (Groundball, 56S, EV 85.0 MPH)
|
| Bottom of the 5th over - 0 runs, 0 hits, 0 errors, 0 left on base; El Paso 0 - Colorado Springs 3 |
| TOP OF THE 6TH |
|
El Paso Chihuahuas batting - Pitching for Colorado Springs Sky Sox : RHP Curtis Gumbs
|
|
Batting: RHB Dan Grable
|
0-0: Ball 1-0: Called Strike 1-1: Ball 2-1: Called Strike 2-2: Ball 3-2: Foul Ball, location: 2F 3-2: Strikes out swinging
|
|
Batting: LHB Josh Slusarczyk
|
0-0: Ball 1-0: Ball 2-0: Ball 3-0: DOUBLE (Groundball, 3L, EV 110.0 MPH)
|
|
Batting: LHB Chris Moody
|
0-0: Ball 1-0: Fly out, F9 (Flyball, 9S, EV 86.2 MPH)
|
|
Batting: RHB Steve Martin
|
0-0: Ball 1-0: Foul Ball, location: 2F 1-1: Ground out 5-3 (Groundball, 56, EV 88.8 MPH)
|
| Top of the 6th over - 0 runs, 1 hit, 0 errors, 1 left on base; El Paso 0 - Colorado Springs 3 |
| BOTTOM OF THE 6TH |
|
Colorado Springs Sky Sox batting - Pitching for El Paso Chihuahuas : RHP Jim Canady
|
|
Pitching: RHP Brandon Hendrix
|
|
|
Batting: RHB Orlando Fernandez
|
0-0: Foul Ball, location: 2F 0-1: Ground out 5-3 (Groundball, 5, EV 106.9 MPH)
|
|
Batting: RHB Devine Adams
|
0-0: Ball 1-0: Ground out 6-3 (Groundball, 6, EV 86.2 MPH)
|
|
Batting: RHB George Lundy
|
0-0: Ball 1-0: Ball 2-0: Swinging Strike 2-1: Foul Ball, location: 2F 2-2: Ball 3-2: Ground out 4-3 (Groundball, 4, EV 106.2 MPH)
|
| Bottom of the 6th over - 0 runs, 0 hits, 0 errors, 0 left on base; El Paso 0 - Colorado Springs 3 |
| TOP OF THE 7TH |
|
El Paso Chihuahuas batting - Pitching for Colorado Springs Sky Sox : RHP Curtis Gumbs
|
|
Batting: RHB Antonio Medina
|
0-0: Ball 1-0: Ball 2-0: Ball 3-0: Base on Balls
|
|
Batting: RHB Kiril Emeshin
|
0-0: Ball 1-0: Ball 2-0: Called Strike 2-1: Ball 3-1: Base on Balls Antonio Medina to second
|
|
Batting: SHB Jamie Roberts
|
0-0: Ball 1-0: Ball 2-0: Grounds into double play, 6-4-3 (Groundball, 6, EV 88.8 MPH) Antonio Medina to third
|
|
Batting: RHB Juan Martinez
|
0-0: Foul Ball, location: 2F 0-1: Foul Ball, location: 2F 0-2: Fly out, F4 (Popup, 4MD, EV 68.1 MPH)
|
| Top of the 7th over - 0 runs, 0 hits, 0 errors, 1 left on base; El Paso 0 - Colorado Springs 3 |
| BOTTOM OF THE 7TH |
|
Colorado Springs Sky Sox batting - Pitching for El Paso Chihuahuas : RHP Brandon Hendrix
|
|
Batting: RHB Fu-Kang Duan
|
0-0: Ball 1-0: Ground out 6-3 (Groundball, 6D, EV 86.2 MPH)
|
|
Batting: RHB Dwane Reed
|
0-0: Swinging Strike 0-1: Ball 1-1: Ball 2-1: Foul Ball, location: 2F 2-2: Ground out 6-3 (Groundball, 6, EV 83.1 MPH)
|
|
Batting: RHB Craig Gomez
|
0-0: Called Strike 0-1: Ball 1-1: Called Strike 1-2: SINGLE (Line Drive, 7S, EV 98.1 MPH)
|
|
Batting: RHB Ethan McCullough
|
0-0: Called Strike 0-1: Ball 1-1: Swinging Strike 1-2: Strikes out looking
|
| Bottom of the 7th over - 0 runs, 1 hit, 0 errors, 1 left on base; El Paso 0 - Colorado Springs 3 |
| TOP OF THE 8TH |
|
El Paso Chihuahuas batting - Pitching for Colorado Springs Sky Sox : RHP Curtis Gumbs
|
|
Pitching: LHP Tristan Morrow
|
|
|
Batting: LHB Doug Barr
|
0-0: Called Strike 0-1: Ball 1-1: Called Strike 1-2: Foul Ball, location: 2F 1-2: Ball 2-2: Ball 3-2: Strikes out swinging
|
|
Batting: RHB Dan Grable
|
0-0: Foul Ball, location: 2F 0-1: Ball 1-1: SINGLE (Groundball, 56D, EV 110.0 MPH)
|
|
Batting: LHB Josh Slusarczyk
|
0-0: Called Strike 0-1: Ball 1-1: Ball 2-1: Ball 3-1: Foul Ball, location: 2F 3-2: Foul Ball, location: 2F 3-2: Base on Balls Dan Grable to second
|
|
Batting: LHB Chris Moody
|
0-0: SINGLE (Line Drive, 3D, EV 100.6 MPH) Dan Grable to third Josh Slusarczyk to second
|
|
Batting: RHB Steve Martin
|
0-0: Ball 1-0: Foul Ball, location: 2F 1-1: Swinging Strike 1-2: Foul Ball, location: 2F 1-2: Strikes out looking
|
|
Batting: RHB Antonio Medina
|
0-0: Ball 1-0: Ball 2-0: Called Strike 2-1: Ball 3-1: Foul Ball, location: 2F 3-2: Strikes out swinging
|
| Top of the 8th over - 0 runs, 2 hits, 0 errors, 3 left on base; El Paso 0 - Colorado Springs 3 |
| BOTTOM OF THE 8TH |
|
Colorado Springs Sky Sox batting - Pitching for El Paso Chihuahuas : RHP Brandon Hendrix
|
|
Pitching: RHP Shuuhei Watanabe
|
|
|
Batting: LHB Tony Ponce
|
0-0: Fly out, F7 (Line Drive, 78M, EV 110.6 MPH)
|
|
Batting: RHB Bodil Hardenberg
|
0-0: Called Strike 0-1: Foul Ball, location: 2F 0-2: Strikes out swinging
|
|
Batting: RHB Orlando Fernandez
|
0-0: Ball 1-0: SINGLE (Groundball, 56D, EV 97.5 MPH)
|
|
Batting: RHB Devine Adams
|
0-0: Ball Orlando Fernandez steals 2nd base 1-0: Called Strike 1-1: Foul Ball, location: 2F 1-2: Foul Ball, location: 2F 1-2: Ground out 5-3 (Groundball, 25, EV 78.8 MPH)
|
| Bottom of the 8th over - 0 runs, 1 hit, 0 errors, 1 left on base; El Paso 0 - Colorado Springs 3 |
| TOP OF THE 9TH |
|
El Paso Chihuahuas batting - Pitching for Colorado Springs Sky Sox : LHP Tristan Morrow
|
|
Pitching: RHP Tye Dickinson
|
|
|
Batting: RHB Kiril Emeshin
|
0-0: Called Strike 0-1: Swinging Strike 0-2: Strikes out swinging
|
|
Batting: SHB Jamie Roberts
|
0-0: Ball 1-0: Fly out, F8 (Flyball, 8LD, EV 94.4 MPH)
|
|
Batting: RHB Juan Martinez
|
0-0: Foul Ball, location: 2F 0-1: Ball 1-1: Foul Ball, location: 2F 1-2: Ball 2-2: Strikes out swinging
|
| Top of the 9th over - 0 runs, 0 hits, 0 errors, 0 left on base; El Paso 0 - Colorado Springs 3 |
|